 Dungeon Crawl Stone Soup version 0.23.0 (webtiles) character file.

Game seed: 7539647106050021681

161 MalarOregon the Poker (level 5, -3/41 HPs)
             Began as a Merfolk Skald on Feb 17, 2019.
             Slain by a gnoll
             ... wielding a +0 spear
              (6 damage)
             ... on level 3 of the Dungeon.
             The game lasted 00:02:40 (2390 turns).

MalarOregon the Poker (Merfolk Skald)               Turns: 2390, Time: 00:02:40

Health: -3/41      AC:  4    Str: 13    XL:     5   Next: 42%
Magic:  8/8        EV:  7    Int: 12    God:
Gold:   149        SH:  0    Dex: 16    Spells: 2/9 levels left

rFire    . . .     SeeInvis .   a - +0 spear
rCold    . . .     Gourm    .   (no shield)
rNeg     . . .     Faith    .   b - +0 leather armour
rPois    +         Spirit   .   (no helmet)
rElec    .         Reflect  .   l - +0 cloak
rCorr    .         Harm     .   (no gloves)
MR       .....                  (no boots)
Stlth    +.........             (no amulet)
HPRegen  0.13/turn              j - +3 ring of dexterity
MPRegen  0.11/turn              i - ring of poison resistance

@: held
A: change form in water, swift swim, stealthy swim
a: no special abilities


You were on level 3 of the Dungeon.
You were not hungry.

You visited 1 branch of the dungeon, and saw 3 of its levels.

You collected 149 gold pieces.

Inventory:

Hand Weapons
 a - a +0 spear (weapon)
Armour
 b - a +0 leather armour (worn)
 l - a +0 cloak (worn)
   (You found it on level 2 of the Dungeon)
Jewellery
 i - a ring of poison resistance (right hand)
   (You found it on level 1 of the Dungeon)
 j - a +3 ring of dexterity (left hand)
   (You found it on level 1 of the Dungeon)
Wands
 m - a wand of clouds (6)
   (You found it on level 2 of the Dungeon)
Scrolls
 c - a scroll of noise {unknown}
 d - 2 scrolls of remove curse {unknown}
 f - a scroll of immolation {unknown}
 g - 2 scrolls of fog {unknown}
 h - a scroll of teleportation {unknown}
 o - a scroll of amnesia {unknown}
 p - 2 scrolls of enchant armour {unknown}
Potions
 k - a potion of brilliance {unknown}
 n - a potion of flight {unknown}
 r - a potion of heal wounds {unknown}
Comestibles
 e - 3 rations {!d}
 q - 6 chunks of flesh


   Skills:
 + Level 3.1 Fighting
 + Level 4.3 Polearms
 + Level 1.5 Armour
 + Level 3.7 Dodging
 + Level 2.6 Spellcasting
 + Level 4.0 Charms


You had 2 spell levels left.
You knew the following spells:

 Your Spells              Type           Power        Failure   Level  Hunger
a - Infusion              Chrm           ##..         6%          1    #......
e - Regeneration          Chrm/Necr      #.........   38%         3    ###....
t - Spectral Weapon       Hex/Chrm       #.......     38%         3    ###....

Your spell library contained the following spells:

 Spells                   Type           Power        Failure   Level  Hunger
 Song of Slaying          Chrm           ##......     10%         2    ###....
 Shroud of Golubria       Chrm/Tloc      #.........   22%         2    ###....


Dungeon Overview and Level Annotations

Branches:
Dungeon (3/15)

Altars:


Message History

Aim: a gnoll, wielding a +0 spear (severely wounded)
You reach to attack!
You closely miss the gnoll.
The gnoll hits you from afar with a +0 spear. x2
Attack whom?
Aim: a gnoll, wielding a +0 spear (severely wounded)
You reach to attack!
You closely miss the gnoll. The gnoll misses you.
The gnoll hits you from afar with a +0 spear.
* * * LOW HITPOINT WARNING * * *
Attack whom?
Aim: a gnoll, wielding a +0 spear (severely wounded)
You reach to attack!
You hit the gnoll but do no damage. The gnoll closely misses you.
Attack whom?
Aim: a gnoll, wielding a +0 spear (severely wounded)
You reach to attack!
You hit the gnoll.
You kill the gnoll!
Attack whom?
Aim: a gnoll, wielding a +0 spear You reach to attack!
You hit the gnoll.
The gnoll hits you from afar with a +0 spear!
* * * LOW HITPOINT WARNING * * *
Attack whom?
Aim: a gnoll, wielding a +0 spear (lightly wounded)
You reach to attack!
You completely miss the gnoll.
Attack whom?
Aim: a gnoll, wielding a +0 spear (lightly wounded)
You reach to attack!
You hit the gnoll but do no damage. The gnoll hits you but does no damage.
Attack whom?
Aim: a gnoll, wielding a +0 spear (lightly wounded)
You reach to attack!
You hit the gnoll.
The gnoll hits you from afar with a +0 spear!
* * * LOW HITPOINT WARNING * * *
Some of the chunks of flesh in your inventory have rotted away.
The gnoll throws a throwing net.
The throwing net hits you.
You become entangled in the net!
You see here a throwing net {!f}.
You struggle against the net.
The gnoll hits you from afar with a +0 spear.
* * * LOW HITPOINT WARNING * * *
You struggle against the net.
The gnoll hits you but does no damage.
Unknown command.
Okay, then.
You struggle against the net.
The gnoll hits you from afar with a +2 halberd of flaming.
* * * LOW HITPOINT WARNING * * *
The gnoll burns you.
* * * LOW HITPOINT WARNING * * *
The gnoll hits you from afar with a +0 spear.
You die...

#(# #.# #.# #.#
###.####.###.######.####
....(...........##.....#
########.#####...#.....#
#....<#.#.#.....#
#######.#.#.....#
..#.#.....# ####.#.....#
#@....>.# ##..()..#
#gg....# #...#### # ##..#
#( #..# #.. #..# #... #.)#
#....##########..##########


You could see 2 gnolls.

Vanquished Creatures
  Natasha (thrice) (D:2)
  A gnoll (D:3)
  2 adders (D:2)
  An ooze (D:3)
  A worm (D:3)
  2 leopard geckos
  4 orcs
  6 bats
  2 giant cockroaches
  3 goblins
  5 hobgoblins
  3 jackals (D:1)
  A quokka (D:2)
  A frilled lizard (D:1)
  7 kobolds
  6 rats
48 creatures vanquished.

Notes
Turn   | Place    | Note
-------+----------+-------------------------------------------
     0 | D:1      | MalarOregon the Merfolk Skald began the quest for the Orb.
     0 | D:1      | Reached XP level 1. HP: 16/16 MP: 3/3
   169 | D:1      | Reached XP level 2. HP: 23/23 MP: 5/5
   719 | D:2      | Noticed Natasha
   724 | D:2      | Noticed a crimson imp
   725 | D:2      | Noticed a crimson imp
   728 | D:2      | Killed Natasha
   728 | D:2      | Reached skill level 1 in Armour
   728 | D:2      | Reached XP level 3. HP: 23/28 MP: 6/6
   799 | D:2      | Reached XP level 4. HP: 21/34 MP: 7/7
   997 | D:2      | Noticed Natasha
  1006 | D:2      | Killed Natasha
  1175 | D:2      | Noticed Natasha
  1191 | D:2      | Killed Natasha
  1191 | D:2      | Reached XP level 5. HP: 22/40 MP: 8/8
  2057 | D:2      | Learned a level 3 spell: Regeneration
  2061 | D:2      | Learned a level 3 spell: Spectral Weapon
  2390 | D:3      | Slain by a gnoll

Skill      XL: |  1  2  3  4  5 |
---------------+----------------+-----
Dodging        | 3 |  3.7
Armour         | 1 |  1.5
Polearms       | 4 |  4.3
Fighting       | 3 |  3.1
Charms         | 4 |  4.0
Spellcasting   | |  2.6

Action                   |  1- 3 |  4- 6 || total
-------------------------+-------+-------++-------
Melee: Spear             |    70 |   155 ||   225
 Stab: Sleeping          |     1 |     2 ||     3
  Eat: Chunk             |       |     5 ||     5
Armor: Leather armour    |    12 |    22 ||    34
Dodge: Dodged            |    24 |    72 ||    96
